SL
FT. WORTH CATTLEMEN @ VANCOUVER GREY WOLVES
09/20/2027
 
TOP OF THE 1ST
Ft. Worth Cattlemen batting - Pitching for Vancouver Grey Wolves : LHP Andrés Quezada
Pitching: LHP Andrés Quezada
Batting: RHB Keith Best 0-0: Called Strike
0-1: SINGLE (Line Drive, 56D)
Batting: SHB Robby Day 0-0: Foul Ball, location: 2F
0-1: Called Strike
0-2: Ball
1-2: Foul Ball, location: 2F
1-2: Foul Ball, location: 2F
1-2: Ground out 3-1 (Groundball, 34S)
Keith Best to second
Batting: RHB Bart Lewis 0-0: Called Strike
0-1: Swinging Strike
0-2: Strikes out looking
Batting: LHB Ryan Westlake 0-0: Called Strike
0-1: Swinging Strike
0-2: Foul Ball, location: 2F
0-2: Ball
1-2: Strikes out swinging, 2-3 out at first.
Top of the 1st over - 0 run(s), 1 hit(s), 0 error(s), 1 left on base; Ft. Worth 0 - Vancouver 0
BOTTOM OF THE 1ST
Vancouver Grey Wolves batting - Pitching for Ft. Worth Cattlemen : RHP Juan Díaz
Pitching: RHP Juan Díaz
Batting: RHB Danny Walsh 0-0: Ball
1-0: SINGLE (Groundball, 56D)
Batting: SHB Ted Striker 0-0: Called Strike
0-1: Ball
1-1: Ball
2-1: Called Strike
2-2: Foul Ball, location: 2F
2-2: Foul Ball, location: 2F
2-2: SINGLE (Groundball, 3D)
Danny Walsh to second
Runner from 2nd tries for 3rd, SAFE, throw made to third
Ted Striker to second
Batting: RHB Tony Farquharson 0-0: Ground out 6-3 (Groundball, 6S)
Danny Walsh scores
Ted Striker to third
Batting: LHB Aquiles Marmelo 0-0: Called Strike
0-1: SINGLE (Groundball, 6D)
Ted Striker scores
Batting: RHB Hank Scorpio 0-0: Called Strike
0-1: Called Strike
0-2: Foul Ball, location: 2F
0-2: Ball
1-2: Foul Ball, location: 2F
1-2: Ball
2-2: Fielders Choice at 2nd, 4-6 (Groundball, 34)
Batting: LHB Michael Malloy 0-0: Called Strike
0-1: Ball
1-1: Ball
2-1: Fielders Choice at 2nd, 4-6 (Groundball, 4)
Bottom of the 1st over - 2 run(s), 3 hit(s), 0 error(s), 0 left on base; Ft. Worth 0 - Vancouver 2
TOP OF THE 2ND
Ft. Worth Cattlemen batting - Pitching for Vancouver Grey Wolves : LHP Andrés Quezada
Batting: LHB Nobuo Yamashita 0-0: Swinging Strike
0-1: Called Strike
0-2: Ball
1-2: Strikes out swinging
Batting: RHB Santo Alba 0-0: Fly out, F7 (Flyball, 7)
Batting: RHB Jim Burch 0-0: Ball
1-0: Swinging Strike
1-1: Ball
2-1: Ball
3-1: Swinging Strike
3-2: Foul Ball, location: 2F
3-2: DOUBLE (Line Drive, 78D)
Batting: RHB Jesús Martínez 0-0: Ball
1-0: Called Strike
1-1: Foul Ball, location: 2F
1-2: Strikes out swinging
Top of the 2nd over - 0 run(s), 1 hit(s), 0 error(s), 1 left on base; Ft. Worth 0 - Vancouver 2
BOTTOM OF THE 2ND
Vancouver Grey Wolves batting - Pitching for Ft. Worth Cattlemen : RHP Juan Díaz
Batting: RHB Logan Namajunas 0-0: Ball
1-0: Called Strike
1-1: Foul Ball, location: 2F
1-2: Foul Ball, location: 2F
1-2: Ball
2-2: Strikes out looking
Batting: RHB Pau Arria 0-0: Fly out, F7 (Flyball, 7)
Batting: RHB Hugh Mungus 0-0: Ball
1-0: Fly out, F6 (Popup, 6M)
Bottom of the 2nd over - 0 run(s), 0 hit(s), 0 error(s), 0 left on base; Ft. Worth 0 - Vancouver 2
TOP OF THE 3RD
Ft. Worth Cattlemen batting - Pitching for Vancouver Grey Wolves : LHP Andrés Quezada
Batting: LHB Jesús Morales 0-0: Ground out U3 (Groundball, 3D)
Batting: RHB Keith Best 0-0: Called Strike
0-1: Ball
1-1: Ball
2-1: Ball
3-1: Fly out, F7 (Line Drive, 7)
Batting: SHB Robby Day 0-0: Ball
1-0: SINGLE (Line Drive, 8RS)
Batting: RHB Bart Lewis 0-0: Ball
Robby Day is caught stealing 2nd base
Top of the 3rd over - 0 run(s), 1 hit(s), 0 error(s), 0 left on base; Ft. Worth 0 - Vancouver 2
BOTTOM OF THE 3RD
Vancouver Grey Wolves batting - Pitching for Ft. Worth Cattlemen : RHP Juan Díaz
Batting: RHB Danny Walsh 0-0: Ball
1-0: Ball
2-0: Ball
3-0: Called Strike
3-1: Base on Balls
Batting: SHB Ted Striker 0-0: Swinging Strike
0-1: Ball
1-1: Foul Ball, location: 2F
1-2: Fly out, F9 (Flyball, 89D)
Batting: RHB Tony Farquharson 0-0: Called Strike
0-1: Ball
1-1: Ball
2-1: Foul Ball, location: 2F
2-2: Foul Ball, location: 2F
2-2: SINGLE (Groundball, 56D)
Danny Walsh to second
Batting: LHB Aquiles Marmelo 0-0: Fly out, F8 (Flyball, 8LM)
Batting: RHB Hank Scorpio 0-0: Ball
1-0: Foul Ball, location: 2F
1-1: Ball
2-1: Ball
3-1: Foul Ball, location: 2F
3-2: Base on Balls
Danny Walsh to third
Tony Farquharson to second
Batting: LHB Michael Malloy 0-0: Called Strike
0-1: Called Strike
0-2: Ball
1-2: Strikes out swinging
Bottom of the 3rd over - 0 run(s), 1 hit(s), 0 error(s), 3 left on base; Ft. Worth 0 - Vancouver 2
TOP OF THE 4TH
Ft. Worth Cattlemen batting - Pitching for Vancouver Grey Wolves : LHP Andrés Quezada
Batting: RHB Bart Lewis 0-0: Ball
1-0: Called Strike
1-1: Ball
2-1: Swinging Strike
2-2: SOLO HOME RUN (Flyball, 7D), Distance : 427 ft
Batting: LHB Ryan Westlake 0-0: Ball
1-0: Ball
2-0: Called Strike
2-1: Ball
3-1: Foul Ball, location: 2F
3-2: Ground out 4-3 (Groundball, 4)
Batting: LHB Nobuo Yamashita 0-0: Ball
1-0: Foul Ball, location: 2F
1-1: Ground out U3 (Groundball, 34S)
Batting: RHB Santo Alba 0-0: Called Strike
0-1: Ball
1-1: Ball
2-1: Foul Ball, location: 2F
2-2: SINGLE (Groundball, 15S) (infield hit)
Batting: RHB Jim Burch 0-0: Ball
1-0: Called Strike
1-1: SINGLE (Line Drive, 9S)
Santo Alba to second
Runner from 2nd tries for 3rd, SAFE, throw made to third
Batting: RHB Jesús Martínez 0-0: Fielders Choice at 2nd, 5-4 (Groundball, 5L)
Top of the 4th over - 1 run(s), 3 hit(s), 0 error(s), 1 left on base; Ft. Worth 1 - Vancouver 2
BOTTOM OF THE 4TH
Vancouver Grey Wolves batting - Pitching for Ft. Worth Cattlemen : RHP Juan Díaz
Batting: RHB Logan Namajunas 0-0: Foul Ball, location: 2F
0-1: Ball
1-1: Ground out 4-3 (Groundball, 4)
Batting: RHB Pau Arria 0-0: Ball
1-0: Swinging Strike
1-1: Called Strike
1-2: Ball
2-2: Strikes out looking
Batting: RHB Hugh Mungus 0-0: Swinging Strike
0-1: Ground out 5-3 (Groundball, 5D)
Bottom of the 4th over - 0 run(s), 0 hit(s), 0 error(s), 0 left on base; Ft. Worth 1 - Vancouver 2
TOP OF THE 5TH
Ft. Worth Cattlemen batting - Pitching for Vancouver Grey Wolves : LHP Andrés Quezada
Batting: LHB Jesús Morales 0-0: Ball
1-0: Ball
2-0: Swinging Strike
2-1: Ground out 4-3 (Groundball, 4)
Batting: RHB Keith Best 0-0: Swinging Strike
0-1: Foul Ball, location: 2F
0-2: Ball
1-2: Ball
2-2: Strikes out swinging, 2-3 out at first.
Batting: SHB Robby Day 0-0: Called Strike
0-1: Called Strike
0-2: Foul Ball, location: 2F
0-2: Fly out, F9 (Flyball, 9S)
Top of the 5th over - 0 run(s), 0 hit(s), 0 error(s), 0 left on base; Ft. Worth 1 - Vancouver 2
BOTTOM OF THE 5TH
Vancouver Grey Wolves batting - Pitching for Ft. Worth Cattlemen : RHP Juan Díaz
Batting: RHB Danny Walsh 0-0: Swinging Strike
0-1: Ball
1-1: Ball
2-1: Ground out 6-3 (Groundball, 6)
Batting: SHB Ted Striker 0-0: Ball
1-0: Ball
2-0: Called Strike
2-1: Ball
3-1: Called Strike
3-2: Strikes out looking
Batting: RHB Tony Farquharson 0-0: Called Strike
0-1: Swinging Strike
0-2: Strikes out swinging
Bottom of the 5th over - 0 run(s), 0 hit(s), 0 error(s), 0 left on base; Ft. Worth 1 - Vancouver 2
TOP OF THE 6TH
Ft. Worth Cattlemen batting - Pitching for Vancouver Grey Wolves : LHP Andrés Quezada
Batting: RHB Bart Lewis 0-0: Hit by Pitch
Batting: LHB Ryan Westlake 0-0: Fly out, F9 (Flyball, 9LD)
Batting: LHB Nobuo Yamashita 0-0: Called Strike
0-1: Fly out, F9 (Flyball, 89S)
Batting: RHB Santo Alba 0-0: Ball
1-0: Fielders Choice at 2nd, 6-4 (Groundball, 6)
Top of the 6th over - 0 run(s), 0 hit(s), 0 error(s), 0 left on base; Ft. Worth 1 - Vancouver 2
BOTTOM OF THE 6TH
Vancouver Grey Wolves batting - Pitching for Ft. Worth Cattlemen : RHP Juan Díaz
Batting: LHB Aquiles Marmelo 0-0: Called Strike
0-1: Ball
1-1: Ground out 4-3 (Groundball, 4)
Batting: RHB Hank Scorpio 0-0: Ball
1-0: Ball
2-0: Ground out 1-3 (Groundball, 13S)
Batting: LHB Michael Malloy 0-0: Called Strike
0-1: Ball
1-1: Fly out, F9 (Flyball, 89M)
Bottom of the 6th over - 0 run(s), 0 hit(s), 0 error(s), 0 left on base; Ft. Worth 1 - Vancouver 2
TOP OF THE 7TH
Ft. Worth Cattlemen batting - Pitching for Vancouver Grey Wolves : LHP Andrés Quezada
Batting: RHB Jim Burch 0-0: Called Strike
0-1: Foul Ball, location: 2F
0-2: SINGLE (Groundball, 56D)
Batting: RHB Jesús Martínez 0-0: Bunted foul
0-1: Bunted foul
0-2: Ball
1-2: Foul Ball, location: 2F
1-2: Ball
2-2: Foul Ball, location: 2F
2-2: Fly out, F9 (Flyball, 9LS)
Batting: LHB Jesús Morales 0-0: Ball
1-0: Swinging Strike
1-1: Foul Ball, location: 2F
1-2: Strikes out looking
Batting: RHB Keith Best 0-0: Ball
1-0: Swinging Strike
1-1: Ball
2-1: Ball
3-1: Foul Ball, location: 2F
3-2: Base on Balls
Jim Burch to second
Pitching: RHP Mark Simmons
Batting: SHB Robby Day 0-0: Called Strike
0-1: Ball
1-1: Called Strike
1-2: Strikes out swinging
Top of the 7th over - 0 run(s), 1 hit(s), 0 error(s), 2 left on base; Ft. Worth 1 - Vancouver 2
BOTTOM OF THE 7TH
Vancouver Grey Wolves batting - Pitching for Ft. Worth Cattlemen : RHP Juan Díaz
Batting: RHB Logan Namajunas 0-0: Ball
1-0: Ball
2-0: Ball
3-0: Called Strike
3-1: Called Strike
3-2: Fly out, F8 (Flyball, 8RD)
Batting: RHB Pau Arria 0-0: Ball
1-0: Ball
2-0: Ball
3-0: Called Strike
3-1: SINGLE (Groundball, 6MD)
Pitching: RHP Francisco López
Pinch Hitting: RHB Robert O'Connor 0-0: Ball
1-0: Swinging Strike
1-1: Foul Ball, location: 2F
1-2: Fly out, F7 (Line Drive, 7)
Batting: RHB Danny Walsh 0-0: Foul Ball, location: 2F
0-1: Fly out, F6 (Popup, 6D)
Bottom of the 7th over - 0 run(s), 1 hit(s), 0 error(s), 1 left on base; Ft. Worth 1 - Vancouver 2
TOP OF THE 8TH
Ft. Worth Cattlemen batting - Pitching for Vancouver Grey Wolves : RHP Mark Simmons
Pitching: RHP Nelle Liefting
Now at 2B: Frank Grimes
Batting: RHB Bart Lewis 0-0: Ball
1-0: Ground out 6-3 (Groundball, 6MD)
Pitching: LHP Sergio Hernández
Batting: LHB Ryan Westlake 0-0: Foul Ball, location: 2F
0-1: Ball
1-1: Foul Ball, location: 2F
1-2: Ground out 4-3 (Groundball, 34)
Pitching: RHP Alfonso Vera
Batting: LHB Nobuo Yamashita 0-0: Foul Ball, location: 2F
0-1: Ground out U3 (Groundball, 34S)
Top of the 8th over - 0 run(s), 0 hit(s), 0 error(s), 0 left on base; Ft. Worth 1 - Vancouver 2
BOTTOM OF THE 8TH
Vancouver Grey Wolves batting - Pitching for Ft. Worth Cattlemen : RHP Francisco López
Batting: SHB Ted Striker 0-0: Ball
1-0: Ball
2-0: Ball
3-0: Called Strike
3-1: Foul Ball, location: 2F
3-2: Foul Ball, location: 2F
3-2: Fly out, F8 (Flyball, 89D)
Batting: RHB Tony Farquharson 0-0: Ball
1-0: Called Strike
1-1: Ground out 1-3 (Groundball, 13S)
Batting: LHB Aquiles Marmelo 0-0: Fly out, F9 (Flyball, 9S)
Bottom of the 8th over - 0 run(s), 0 hit(s), 0 error(s), 0 left on base; Ft. Worth 1 - Vancouver 2
TOP OF THE 9TH
Ft. Worth Cattlemen batting - Pitching for Vancouver Grey Wolves : RHP Alfonso Vera
Pitching: RHP Francisco Valdés
Pinch Hitting: LHB Orlando Trevino 0-0: Foul Ball, location: 2F
0-1: Swinging Strike
0-2: Ball
1-2: Strikes out swinging
Pinch Hitting: RHB Tim Burney 0-0: Ball
1-0: Ball
2-0: Foul Ball, location: 2F
2-1: Swinging Strike
2-2: Foul Ball, location: 2F
2-2: Strikes out looking
Batting: RHB Jesús Martínez 0-0: Ball
1-0: Called Strike
1-1: Called Strike
1-2: Fly out, F3 (Line Drive, 3)
Top of the 9th over - 0 run(s), 0 hit(s), 0 error(s), 0 left on base; Ft. Worth 1 - Vancouver 2
Saturday, May 26th, 2018 - OOTP Baseball 17.12 Build 75